 Dungeon Crawl Stone Soup version 0.13.0-19-g8e0b589 (webtiles) character file.

626 JacquesDerrida the Archer (level 6, 0/39 HPs)
             Began as an Octopode Hunter on Oct 25, 2013.
             Slain by a bat (1 damage)
             ... summoned by Eustachio
             ... on Level 4 of the Dungeon.
             The game lasted 00:12:15 (3808 turns).

JacquesDerrida the Archer (Octopode Hunter)         Turns: 3808, Time: 00:12:15

HP   0/39        AC  1     Str 17      XL: 6   Next: 88%
MP   5/5         EV 12     Int 14 (15) God:
Gold 218         SH  0     Dex 15      Spells:  0 memorised,  5 levels left

Res.Fire  : + . .   See Invis. : .   b - +1,+2 bow (curse)
Res.Cold  : + . .   Warding    : .   (no shield)
Life Prot.: . . .   Conserve   : .   (helmet restricted)
Res.Poison: +       Res.Corr.  : .   t - cursed amulet of inaccuracy
Res.Elec. : +       Clarity    : .   d - ring of sustain abilities
Sust.Abil.: + .     Spirit.Shd : .   g - +3 ring of dexterity
Res.Mut.  : .       Stasis     : .   (no ring)
Res.Rott. : .       Flight     : .   (no ring)
Saprovore : . . .                    (no ring)
                                     (no ring)
                                     (no ring)
                                     (no ring)

@: invisible, mighty, very slightly contaminated, slightly resistant to hostile
enchantments, stealthy
A: almost no armour, amphibious, 8 rings, constrict 8, camouflage 1, AC +1
a: no special abilities


You were on level 4 of the Dungeon.
You were hungry.

You visited 1 branch of the dungeon, and saw 4 of its levels.

You collected 198 gold pieces.

Inventory:

Hand weapons
 a - a +1,+3 orcish dagger of venom
 b - a cursed +1,+2 bow (weapon)
 r - a +0,+0 lajatang
Missiles
 c - 51 arrows (quivered)
 x - a throwing net
 y - 12 poisoned arrows
Magical devices
 n - a wand of random effects (2)
Comestibles
 f - a bread ration
 h - a meat ration
 m - a rotting chunk of rat flesh
 w - a sausage
Scrolls
 j - 5 scrolls of identify
 k - 2 scrolls of magic mapping
 o - a scroll of enchant armour {unknown}
 q - a scroll of curse jewellery
 s - a scroll of curse armour {unknown}
 A - a scroll of fog
Jewellery
 d - a ring of sustain abilities (left tentacle)
 g - a +3 ring of dexterity (right tentacle)
 t - a cursed amulet of inaccuracy (around mantle)
 u - an uncursed amulet of conservation {unknown}
Potions
 F - 2 potions of speed


   Skills:
 - Level 1.0 Fighting
 + Level 8.0 Bows
 - Level 2.0 Dodging
 - Level 1.3 Stealth


You had 5 spell levels left.
You didn't know any spells.

Dungeon Overview and Level Annotations

Branches:
Dungeon (4/27)
 Temple: D:4-7

Altars:
Cheibriados
Kikubaaqudgha


Innate Abilities, Weirdness & Mutations

You cannot wear most types of armour.
You are amphibious.
You can wear up to eight rings at the same time.
You can use your tentacles to constrict many enemies at once.
Your skin changes colour to match your surroundings (Stlth).
Your rubbery body absorbs attacks (AC +1).


Message History

It was a potion of might.
The bat misses you. The bat hits you but does no damage.
Drink which item? (? for menu, Esc to quit)
You feel refreshed.
It was a potion of restore abilities.
The bat hits you but does no damage. The bat closely misses you.
Drink which item? (? for menu, Esc to quit)
There was something very wrong with that liquid!
You feel dopey.
It was a potion of degeneration.
The bat hits you.
* * * LOW HITPOINT WARNING * * *
The bat hits you.
* * * LOW HITPOINT WARNING * * *
Drink which item? (? for menu, Esc to quit)
You fade into invisibility!
It was a potion of invisibility.
The bat closely misses you. The bat barely misses you.
The bat completely misses you.
You are very lightly contaminated with residual magic.
The bat barely misses you. The bat misses you. The bat hits you.
You die...

########.)#
#.### #..#
#.... #..#
##### #..# #..#
#..# #..#
#####.####### .
#.@)..........
.
#b###.#######.#
# #b# #.#
####.## # #r#
#.# #.....# #
#.# #.# #.....#
# #r# #.#
#.....# # #.#
#<####.....# #
#.#
#..........# #
#.#
######.#.### #


You could see 2 bats and 2 rats.

Vanquished Creatures
  An agate snail (D:2)
  A worker ant (D:4)
  4 adders
  4 gnolls (D:3)
  A lemure (D:4)
  An inept feature mimic (D:2)
  2 worms
  11 orcs
  7 bats
  5 giant cockroaches
  11 hobgoblins
  A quokka (D:2)
  A giant gecko (D:3)
  5 giant newts
  7 goblins
  13 jackals
  9 kobolds
  A kobold skeleton (D:4)
  A quokka skeleton (D:4)
  16 rats
  A rat skeleton (D:4)
103 creatures vanquished.

Vanquished Creatures (collateral kills)
  Eustachio (D:4)
1 creature vanquished.

Grand Total: 104 creatures vanquished

Notes
Turn   | Place    | Note
--------------------------------------------------------------
     0 | D:1      | JacquesDerrida, the Octopode Hunter, began the quest for the Orb.
     0 | D:1      | Reached XP level 1. HP: 14/14 MP: 0/0
   299 | D:1      | Reached XP level 2. HP: 13/19 MP: 1/1
   702 | D:1      | Reached XP level 3. HP: 22/24 MP: 2/2
   905 | D:2      | Reached skill level 5 in Bows
  1607 | D:2      | Noticed an agate snail
  1633 | D:2      | Killed an agate snail
  1633 | D:2      | Reached skill level 6 in Bows
  1633 | D:2      | Reached XP level 4. HP: 21/29 MP: 3/3
  1702 | D:2      | Found a snail-covered altar of Cheibriados.
  1841 | D:3      | Reached XP level 5. HP: 34/34 MP: 4/4
  1992 | D:3      | Found an ancient bone altar of Kikubaaqudgha.
  2845 | D:3      | Reached skill level 7 in Bows
  2858 | D:3      | Reached XP level 6. HP: 34/39 MP: 5/5
  3731 | D:4      | Noticed Eustachio
  3783 | D:4      | Killed Eustachio
  3783 | D:4      | Reached skill level 8 in Bows
  3805 | D:4      | HP: 1/39 [bat[Eustachio] (1)]
  3808 | D:4      | Slain by a bat

Action                   |  1- 3 |  4- 6 || total
-------------------------+-------+-------++-------
Melee: Short sword       |    71 |    10 ||    81
       Lajatang          |    19 |    34 ||    53
       Dagger            |       |    15 ||    15
       Spear             |       |     9 ||     9
       Bow               |       |    46 ||    46
 Fire: Bow               |    17 |    57 ||    74
Evoke: Wand              |     1 |     4 ||     5
  Use: Scroll            |       |    15 ||    15
       Potion            |       |     6 ||     6
 Stab: Sleeping          |     7 |     5 ||    12
